 Dungeon Crawl Stone Soup version 0.27.1-4-g1640c2035a (webtiles) character file.

Game seed: 7837425153810544035

416 belegose the Charlatan (level 6, -1/51 HPs)
             Began as a Demigod Artificer on Nov 6, 2021.
             Slain by an ogre (22 damage)
             ... on level 5 of the Dungeon.
             The game lasted 00:09:53 (4437 turns).

belegose the Charlatan (Demigod Artificer)          Turns: 4437, Time: 00:09:53

Health: -1/51      AC:  6    Str: 17    XL:     6   Next: 34%
Magic:  8/8        EV:  8    Int: 17    God:
Gold:   182        SH:  8    Dex: 14    Spells: 5/5 levels left

rFire    . . .     SeeInvis .   a - +0 whip (drain)
rCold    . . .     Faith    .   o - +0 kite shield
rNeg     . . .     Spirit   .   u - +0 ring mail
rPois    .         Reflect  .   (no helmet)
rElec    .         Harm     .   (no cloak)
rCorr    .         Rampage  .   (no gloves)
Will     .....                  p - +0 pair of boots
Stlth    +.........             m - amulet of regeneration
HPRegen  1.17/turn              (no ring)
MPRegen  0.11/turn              (no ring)

@: no status effects
A: high mp 1, forlorn
a: no special abilities


You were on level 5 of the Dungeon.
You visited 1 branch of the dungeon, and saw 5 of its levels.

You collected 182 gold pieces.

Inventory:

Hand Weapons
 a - a +0 whip of draining (weapon)
 b - a +0 mace
 g - a +0 spear of venom
Missiles
 i - 42 bolts
 t - 47 stones
 v - 14 poisoned darts (quivered)
Armour
 o - a +0 kite shield (worn)
 p - a +0 pair of boots (worn)
 u - a +0 ring mail (worn)
Jewellery
 m - an amulet of regeneration (around neck)
 y - an amulet of guardian spirit
Wands
 c - a wand of flame (15)
 d - a wand of charming (15)
Scrolls
 f - a scroll of holy word {unknown}
 j - 3 scrolls of identify {unknown}
 l - 2 scrolls of teleportation {unknown}
 q - a scroll of acquirement {unknown}
 x - 2 scrolls of enchant weapon {unknown}
 B - a scroll of enchant armour {unknown}
 C - a scroll of silence {unknown}
 D - a scroll of magic mapping {unknown}
 G - a scroll of blinking {unknown}
Potions
 h - 2 potions of cancellation {unknown}
 k - a potion of magic {unknown}
 n - a potion of brilliance {unknown}
 r - a potion of might {unknown}
 s - 2 potions of curing {unknown}
 w - 3 potions of degeneration {unknown}
 z - a potion of lignification {unknown}
 A - a potion of haste {unknown}
 E - a potion of resistance {unknown}
 F - a potion of flight {unknown}
Miscellaneous
 e - a piece from Xom's chessboard (15/15)


   Skills:
 + Level 3.2 Fighting
 + Level 2.3 Maces & Flails
 - Level 2.5 Armour
 - Level 0.8 Dodging
 - Level 0.8 Stealth
 + Level 2.3 Shields
 + Level 4.2 Evocations


You had 5 spell levels left.
You didn't know any spells.
Your spell library contained the following spells:

 Spells                   Type           Power      Damage    Failure   Level
 Iskenderun's Battlesphe  Conj           0%         2d6       100%        5
 Iron Shot                Conj/Erth      0%         9d1       100%        6
 Spellforged Servitor     Conj/Summ      0%         N/A       100%        7


Dungeon Overview and Level Annotations

Branches:
Dungeon (5/15)
 Temple: D:4-7


Innate Abilities, Weirdness & Mutations

Your attributes grow dramatically as you level up.
You have an increased reservoir of magic. (+10% MP)
You shall have no god before yourself.


Message History

Press: ? - help, Q - select action, (/) - cycle Shift-Dir - straight line, f - ogre
Aim: an ogre, wielding a +0 giant spiked club (74% to hit)
You throw a poisoned dart. The poisoned dart hits the ogre.
The ogre is poisoned.
Unknown command.
Throw: 18 darts (poison)
Press: ? - help, Q - select action, (/) - cycle Shift-Dir - straight line, f/p - ogre
Aim: an ogre, wielding a +0 giant spiked club (poisoned, 74% to hit)
You throw a poisoned dart. The poisoned dart hits the ogre.
Unknown command.
Throw: 17 darts (poison)
Press: ? - help, Q - select action, (/) - cycle Shift-Dir - straight line, f/p - ogre
Aim: an ogre, wielding a +0 giant spiked club (poisoned, 74% to hit)
You throw a poisoned dart. The poisoned dart hits the ogre.
The ogre looks even sicker.
Unknown command.
Throw: 16 darts (poison)
Press: ? - help, Q - select action, (/) - cycle Shift-Dir - straight line, f/p - ogre
Aim: an ogre, wielding a +0 giant spiked club (lightly wounded, very poisoned, 74% to hit)
You throw a poisoned dart. The poisoned dart hits the ogre.
The ogre is lightly wounded.
The ogre barely misses you.
Unknown command.
Throw: 15 darts (poison)
Press: ? - help, Q - select action, (/) - cycle Shift-Dir - straight line, f/p - ogre
Aim: an ogre, wielding a +0 giant spiked club (moderately wounded, very poisoned, 73% to hit)
You throw a poisoned dart. The poisoned dart hits the ogre.
The ogre looks even sicker.
The ogre is moderately wounded.
The ogre hits you with a +0 giant spiked club!
You barely miss the ogre.
The ogre is moderately wounded.
The ogre hits you with a +0 giant spiked club.
You hit the ogre.
The ogre is heavily wounded.
The ogre hits you with a +0 giant spiked club!!
You hit the ogre.
The ogre is severely wounded.
The ogre hits you with a +0 giant spiked club!!
You die...

##+#. #...#.####
#...#....# #...#(...#
###...#(...#
#>.....(...+
#.#####(...#
####.#####....#
#.....@O(..# #
#.##.####### #.#......#
#########
#.#..###.###.......####
#.#........'.......'...
#.#....#.###.......####
#.####.#.# #.......#
#........# #########
######.###


You could see an ogre (very poisoned).

Vanquished Creatures
  2 scorpions (D:4)
  A centaur zombie (D:4)
  A hound (D:4)
  A centaur skeleton (D:4)
  An iguana (D:4)
  A hound skeleton (D:4)
  A howler monkey zombie (D:3)
  A gnoll (D:4)
  4 adders
  A white imp (D:4)
  An ufetubus (D:4)
  2 worms (D:4)
  6 dart slugs
  3 ball pythons
  6 bats
  5 endoplasms
  4 giant cockroaches
  5 goblins
  8 hobgoblins
  8 jackals (D:1)
  4 kobolds
  2 quokkas
  4 frilled lizards (D:1)
  8 rats
80 creatures vanquished.

Vanquished Creatures (others)
  A fungus (D:3)
1 creature vanquished.

Grand Total: 81 creatures vanquished

Notes
Turn   | Place    | Note
-------+----------+-------------------------------------------
     0 | D:1      | belegose the Demigod Artificer began the quest for the Orb.
     0 | D:1      | Reached XP level 1. HP: 15/15 MP: 3/3
    44 | D:1      | Reached skill level 1 in Fighting
   228 | D:1      | Reached XP level 2. HP: 8/19 MP: 4/4
   436 | D:1      | Reached skill level 3 in Evocations
  1184 | D:1      | Reached XP level 3. HP: 26/29 MP: 5/5
  2561 | D:3      | Reached XP level 4. HP: 36/36 MP: 6/6
  2781 | D:3      | Reached skill level 1 in Maces & Flails
  3192 | D:4      | Reached skill level 1 in Shields
  3192 | D:4      | Reached XP level 5. HP: 33/42 MP: 7/7
  3464 | D:4      | Reached skill level 4 in Evocations
  3508 | D:4      | Reached XP level 6. HP: 49/51 MP: 8/8
  4150 | D:5      | Entered Level 5 of the Dungeon
  4437 | D:5      | Slain by an ogre

Illustrated notes

Levels and vault maps discovered:
D:1:      scummos_arrival_simple_fountains, layout_basic,
          hellmonk_ecumenical_altar_arch_garden
D:2:      layout_rooms, basic_altar
D:3:      layout_loops_ring, okawaru_gym_becter, elyvilon_altar_1
D:4:      layout_gridville, grunt_dithmenos_smoke_and_mirrors,
          lemuel_tele_altar, nicolae_qazlal_scattered_showers,
          wad_floor_pattern_untrapped
D:5:      layout_basic, nicolae_vehumet_altar_sigil,
          mainiacjoe_overflow_boulevard, uniq_sigmund

Skill      XL: |  1  2  3  4  5 |
---------------+----------------+-----
Fighting       | 1 2 3 |  3.2
Armour         | 2 |  2.5
Evocations     | 3 4 |  4.2
Maces & Flails | 1 2 |  2.3
Shields        | 1 2 |  2.3
Dodging        | |  0.8
Stealth        | |  0.8

Action                   |  1- 3 |  4- 6 || total
-------------------------+-------+-------++-------
Melee: Dagger            |    16 |       ||    16
       Whip              |   163 |   181 ||   344
       Mace              |       |    31 ||    31
Throw: Dart              |       |     5 ||     5
Armor: Leather armour    |    33 |       ||    33
       Ring mail         |    14 |   105 ||   119
Dodge: Dodged            |    97 |    95 ||   192
Block: Kite shield       |    32 |   106 ||   138
